Map: Emerald City LE

Players

PaMpLe - Winner!

  • Race: Terran Terran
  • League: Bronze
  • Spawn Location: 11:00

papygroover - Winner!

  • Race: Zerg Zerg
  • League: Platinum
  • Spawn Location: 11:00

Massa

  • Race: Terran Terran
  • League: Gold
  • Spawn Location: 5:00

qqq

  • Race: Zerg Zerg
  • League: Platinum
  • Spawn Location: 5:00

VOD

Have the link to the VOD?

Description

Time

  • Played on: May 31, 2020, 9:50 a.m.
  • Length: 10:36
Show
View Real Time Build Order
Export as new Build Order

PaMpLe Terran - Winner!

Build Orders:  

Get SALT Encoding   

  12  0:02  SCV  
  13  0:16  Supply Depot  
  13  0:18  SCV  
  14  0:30  SCV  
  15  0:42  SCV, Barracks  
  16  0:54  SCV  
  16  0:55  Refinery  
  17  1:06  Refinery, SCV  
  18  1:18  SCV  
  19  1:31  SCV  
  20  1:33  Supply Depot  
  20  1:43  Orbital Command  
  20  1:48  Factory  
  20  2:00  Barracks Reactor  
  20  2:03  Supply Depot  
  20  2:09  SCV  
  21  2:21  SCV  
  22  2:33  Starport, SCV  
  22  2:35  Widow Mine  
  25  2:43  Marine  
  25  2:44  Marine  
  26  2:45  SCV  
  28  2:56  Widow Mine  
  28  2:57  SCV  
  31  3:01  Marine x2  
  32  3:09  SCV  
  32  3:10  Medivac  
  35  3:25  Command Center  
  35  3:30  SCV  
  36  3:48  SCV  
  36  3:50  Factory Tech Lab, Starport Reactor  
  36  3:51  Marine x2  
  39  4:11  Supply Depot  
  39  4:20  Supply Depot  
  39  4:32  Marine  
  39  4:33  SCV, Siege Tank  
  39  4:35  Liberator, Supply Depot  
  39  4:36  Marine  
  47  4:45  SCV  
  45  4:50  Marine  
  43  4:57  SCV  
  44  5:03  Liberator  
  44  5:06  Marine  
  48  5:08  Marine  
  48  5:09  SCV  
  50  5:18  Widow Mine  
  52  5:21  SCV  
  53  5:33  SCV  
  51  5:39  Command Center  
  51  5:45  SCV  
  52  5:57  SCV  
  51  6:05  Marine x2  
  51  6:23  SCV  
  51  6:25  Marine, Medivac x2  
  56  6:26  Marine  
  56  6:28  Barracks  
  56  6:30  Barracks  
  58  6:35  SCV  
  59  6:43  Marine, Siege Tank  
  59  6:46  Marine  
  64  6:47  SCV  
  65  6:55  Medivac  
  65  6:59  SCV  
  68  7:11  Orbital Command, SCV  
  68  7:15  Siege Tank  
  72  7:17  Barracks Reactor, Barracks Tech Lab  
  72  7:20  Barracks  
  72  7:23  SCV  
  73  7:35  Refinery  
  73  7:36  Refinery, SCV  
  74  7:46  Liberator  
  74  7:47  Siege Tank  
  74  7:48  SCV  
  74  7:49  Stimpack  
  81  8:00  SCV  
  82  8:07  SCV  
  82  8:08  Command Center  
  82  8:09  Barracks Tech Lab  
  82  8:10  Marine x2  
  82  8:12  SCV  
  86  8:19  Supply Depot  
  86  8:30  Supply Depot  
  86  8:38  Engineering Bay  
  86  8:40  SCV x2, Marine x2, Medivac x2  
  86  8:41  Supply Depot  
  94  8:43  Engineering Bay  
  94  8:51  Marine x2  
  94  8:52  SCV x2, Marauder x2, Supply Depot  
  102  9:00  Supply Depot  
  102  9:26  SCV x2  
  102  9:27  Orbital Command  
  102  9:31  Marauder  
  106  9:32  Marauder, Marine x2  
  107  9:47  SCV x2  
  107  9:50  Marine  
  107  9:52  Marauder  
  112  9:53  Marauder  
  112  9:59  SCV  
  79  10:14  Marauder  
  79  10:16  Command Center  
Show
View Real Time Build Order
Export as new Build Order

papygroover Zerg - Winner!

Build Orders: Hatch First, Muta Ling Bane 

Get SALT Encoding   

  12  0:01  Drone  
  13  0:09  Drone  
  14  0:17  Overlord  
  14  0:24  Extractor, Drone  
  15  0:37  Drone x2  
  17  0:45  Drone  
  18  0:58  Drone  
  18  0:59  Hatchery  
  18  1:01  Extractor  
  17  1:11  Drone  
  19  1:18  Drone  
  19  1:25  Spawning Pool  
  18  1:27  Drone  
  19  1:40  Drone  
  20  1:49  Drone  
  21  1:59  Overlord  
  21  2:14  Queen  
  21  2:15  Queen  
  25  2:16  Drone x2  
  25  2:20  Spine Crawler  
  25  2:21  Drone  
  27  2:24  Drone  
  27  2:27  Metabolic Boost  
  28  2:32  Drone, Baneling Nest  
  28  2:34  Drone  
  29  2:43  Drone  
  30  3:00  Drone x2  
  30  3:01  Drone  
  30  3:03  Hatchery  
  32  3:15  Zergling x6  
  32  3:19  Extractor  
  34  3:24  Spore Crawler  
  33  3:34  Zergling x2  
  33  3:35  Zergling x4  
  33  3:36  Overlord x2  
  36  3:53  Baneling x6  
  36  3:54  Queen  
  38  4:02  Drone x2  
  40  4:03  Drone  
  40  4:04  Lair  
  41  4:21  Zergling x6  
  42  4:35  Zergling x2  
  42  4:50  Zergling x8  
  44  4:54  Overlord x2  
  44  5:02  Centrifical Hooks  
  40  5:16  Zergling x18  
  46  5:22  Baneling x3  
  44  5:38  Baneling x4  
  44  5:39  Baneling x4  
  40  5:55  Hatchery  
  33  6:06  Drone x2  
  33  6:07  Drone x2  
  33  6:08  Zergling x4  
  33  6:10  Hatchery  
  37  6:21  Zergling x2  
  37  6:22  Zergling x8  
  42  6:27  Spire  
  41  7:04  Drone x2  
  41  7:05  Drone x4  
  47  7:09  Queen  
  47  7:13  Queen  
  51  7:43  Mutalisk x3  
  51  7:44  Mutalisk  
  58  7:54  Mutalisk  
  58  7:57  Zergling x2  
  60  8:02  Overlord x2  
  56  8:09  Extractor  
  56  8:10  Extractor  
  54  8:19  Drone  
  56  8:20  Drone x3  
  56  8:21  Drone  
  59  8:33  Mutalisk x2  
  61  8:39  Drone x4  
  66  9:22  Mutalisk x5  
  76  9:45  Overlord x4  
  76  10:05  Zergling x2  
  76  10:06  Zergling x12  
Show
View Real Time Build Order
Export as new Build Order

Massa Terran 

Build Orders:  

Get SALT Encoding   

  12  0:11  SCV  
  13  0:16  Supply Depot  
  13  0:23  SCV  
  14  0:35  SCV  
  15  0:40  Barracks  
  15  0:47  SCV  
  16  0:59  SCV  
  17  1:11  SCV  
  18  1:23  SCV  
  19  1:28  Refinery  
  19  1:35  Barracks  
  19  1:40  Marine, Supply Depot  
  20  1:56  SCV  
  20  1:57  Marine  
  22  2:07  Barracks  
  22  2:08  SCV  
  23  2:16  Supply Depot  
  23  2:18  Supply Depot  
  23  2:21  Marine  
  24  2:23  Marine  
  25  2:31  Barracks  
  25  2:38  Orbital Command  
  25  2:39  Marine  
  25  2:41  Marine  
  27  2:57  Marine  
  28  2:59  Marine  
  28  3:04  Marine  
  30  3:14  Marine  
  30  3:17  Marine  
  30  3:19  Marine  
  33  3:20  Supply Depot  
  33  3:21  Marine  
  34  3:32  Marine  
  35  3:35  Marine  
  35  3:37  Marine  
  35  3:39  Marine  
  38  3:50  Marine  
  38  3:52  Marine  
  38  3:55  Marine  
  41  3:57  Marine, Supply Depot  
  42  4:08  Marine  
  43  4:12  Marine  
  44  4:37  Marine  
  44  4:38  Marine x3  
  47  4:55  Marine x2  
  47  4:56  Marine x2  
  51  5:00  Command Center  
  51  5:13  Marine x4  
  54  5:31  Marine x4  
  58  5:48  Marine  
  58  5:49  Marine  
  60  5:51  SCV  
  45  6:03  SCV, Factory x2  
  41  6:15  SCV  
  42  6:28  SCV  
  42  6:29  Marine x4  
  47  6:40  SCV  
  47  6:43  Barracks  
  47  6:44  Barracks  
  47  6:46  Marine  
  48  6:47  Marine x2  
  48  6:48  Barracks Tech Lab  
  48  6:49  Factory Tech Lab  
  48  6:50  Factory Tech Lab  
  51  7:04  Starport, Marine  
  51  7:05  Marine x2  
  54  7:11  Marauder  
  56  7:18  Orbital Command  
  56  7:19  SCV  
  56  7:22  Marine  
  58  7:23  Marine x2  
  59  7:30  Siege Tank x2  
  59  7:31  SCV  
  59  7:32  Barracks, Marauder  
  60  7:40  Marine x2  
  60  7:41  Marine  
  60  7:42  Starport, Supply Depot  
  60  7:43  SCV  
  57  7:52  Viking  
  57  7:54  Marauder  
  57  7:55  SCV  
  57  7:58  Marine x3  
  55  8:02  Siege Tank x2  
  63  8:07  SCV  
  64  8:15  Marauder  
  64  8:17  Barracks Tech Lab  
  64  8:19  SCV  
  67  8:21  Barracks Tech Lab  
  67  8:22  Barracks Reactor, Medivac  
  67  8:24  Marine  
  71  8:33  Bunker  
  71  8:34  Siege Tank  
  71  8:37  Marauder  
  75  8:42  Marine  
  76  8:52  Viking  
  76  8:53  Siege Tank  
  81  8:56  Liberator  
  81  8:58  Marauder  
  86  9:03  Bunker  
  86  9:13  Supply Depot  
  86  9:34  Marine x4  
  86  9:35  Marauder x2  
  86  9:36  Supply Depot  
  94  9:52  Marauder  
  94  9:53  Marine  
  94  9:58  Marauder, Marine x3, Siege Tank  
  94  9:59  Supply Depot  
  102  10:01  Marauder  
  82  10:11  Marine  
  82  10:14  Marauder  
  69  10:15  Marine x3  
  61  10:23  Supply Depot  
Show
View Real Time Build Order
Export as new Build Order

qqq Zerg 

Build Orders: Hatch First 

Get SALT Encoding   

  12  0:02  Drone  
  13  0:10  Drone  
  14  0:36  Hatchery  
  13  0:52  Spawning Pool  
  12  0:57  Overlord  
  12  1:02  Drone  
  13  1:08  Drone  
  14  1:16  Drone  
  15  1:21  Drone  
  16  1:34  Drone  
  16  1:37  Extractor  
  16  1:40  Roach Warren  
  16  1:44  Queen  
  17  1:49  Drone  
  17  1:53  Drone  
  19  1:55  Drone  
  20  2:02  Drone  
  20  2:07  Overlord  
  21  2:13  Drone  
  22  2:20  Roach  
  25  2:22  Drone  
  25  2:26  Roach  
  27  2:35  Queen  
  29  2:39  Roach  
  31  2:44  Overlord  
  31  2:49  Roach  
  33  2:53  Roach  
  35  3:08  Roach x2  
  35  3:10  Drone x2  
  41  3:20  Extractor, Roach  
  41  3:26  Overlord x2  
  42  3:33  Roach  
  44  3:37  Overlord  
  44  3:47  Roach  
  46  3:51  Drone x2  
  46  3:53  Drone x3  
  51  3:58  Roach  
  55  4:03  Roach  
  55  4:21  Roach x2  
  59  4:37  Overlord  
  59  4:38  Overlord x3  
  58  4:54  Roach  
  60  5:00  Spore Crawler  
  60  5:02  Roach  
  60  5:03  Roach x2  
  60  5:04  Roach x3  
  71  5:10  Drone x2  
  71  5:11  Spore Crawler  
  72  5:24  Queen  
  67  5:36  Drone x3  
  67  5:37  Drone, Roach x2  
Tags
 
Add a new tag
Caveats
  • Supply blocks, unpowered buildings, or Contaminate may cause inaccurate times.
  • Supply counts are checked every 10 seconds.